 Dungeon Crawl Stone Soup version 0.24.0-1-gfbc8707122 (webtiles) character file.

Game seed: 4321120473189267991, levelgen mode: deterministic

726 Nivan the Conjurer (level 7, -1/53 HPs)
             Began as a Green Draconian Conjurer on Oct 25, 2019.
             Shot with an arrow by a centaur (18 damage)
             ... on level 5 of the Dungeon.
             The game lasted 00:16:42 (4485 turns).

Nivan the Conjurer (Green Draconian Conjurer)       Turns: 4485, Time: 00:16:42

Health: -1/53      AC:  6    Str: 10    XL:     7   Next: 44%
Magic:  11/13      EV: 13    Int: 18    God:
Gold:   236        SH:  0    Dex: 15    Spells: 11/14 levels left

rFire    + . .     SeeInvis .   p - +0 falchion
rCold    . . .     Gourm    .   (no shield)
rNeg     . . .     Faith    .   (armour unavailable)
rPois    +         Spirit   .   (helmet restricted)
rElec    .         Reflect  .   (no cloak)
rCorr    .         Harm     .   (no gloves)
MR       .....                  (no boots)
Stlth    ++........             (no amulet)
HPRegen  0.17/turn              j - +4 ring of dexterity
MPRegen  0.13/turn              q - ring of protection from fire

@: no status effects
A: breathe noxious fumes, unfitting armour, poison resistance, cold-blooded, AC
+6
a: Breathe Noxious Fumes


You were on level 5 of the Dungeon.
You were hungry.

You visited 1 branch of the dungeon, and saw 5 of its levels.

You collected 236 gold pieces.

Inventory:

Hand Weapons
 a - a +0 dagger of freezing
 p - a +0 falchion (weapon)
Jewellery
 j - a +4 ring of dexterity (left hand)
 q - a ring of protection from fire (right hand)
 r - an uncursed ring of protection from fire
Wands
 v - a wand of flame (12)
Scrolls
 c - 2 scrolls of identify
 d - a scroll of random uselessness
 e - 2 scrolls of teleportation
 g - 3 scrolls of remove curse {unknown}
 h - a scroll of enchant weapon {unknown}
 k - 3 scrolls of magic mapping {unknown}
 o - 2 scrolls of enchant armour {unknown}
 s - a scroll of fear {unknown}
Potions
 f - 2 potions of curing
 i - a potion of resistance
 l - a potion of berserk rage
 m - a potion of heal wounds
 n - a potion of might
 t - a potion of magic
Comestibles
 b - 11 rations


   Skills:
 + Level 1.9 Fighting
 - Level 1.9(2.1) Short Blades
 + Level 1.1(1.7) Long Blades
 + Level 3.2 Dodging
 + Level 2.7 Stealth
 + Level 4.2 Spellcasting
 + Level 6.3 Conjurations


You had 11 spell levels left.
You knew the following spells:

 Your Spells              Type           Power        Failure   Level  Hunger
a - Magic Dart            Conj           ####         1%          1    None
b - Searing Ray           Conj           ####..       1%          2    ##.....

Your spell library contained the following spells:

 Spells                   Type           Power        Failure   Level  Hunger
 Iskenderun's Mystic Bla  Conj           ####....     11%         4    ####...
 Dazzling Spray           Conj/Hex       ###...       12%         3    ###....
 Force Lance              Conj/Tloc      ###.....     36%         4    ####...
 Fulminant Prism          Conj/Hex       ###.......   36%         4    ####...


Dungeon Overview and Level Annotations

Branches:
Dungeon (5/15)
 Temple: D:4-7

Altars:
Cheibriados
Kikubaaqudgha
Okawaru
Sif Muna
The Shining One


Innate Abilities, Weirdness & Mutations

You can breathe blasts of noxious fumes.
Your lurid green scales are hard. (AC +6)
You cannot fit into any form of body armour.
Your system is resistant to poisons. (rPois)
You are cold-blooded and may be slowed by cold attacks.


Message History

The centaur is too close now for your liking.
Casting: Searing Ray (safe; 1% risk of failure)
Confirm with . or Enter, or press ? or * to list all spells.
Aiming: Magic Dart (safe; 1% risk of failure)
Press: ? - help, Shift-Dir - straight line, f - centaur
Aim: a centaur, wielding a +0 dagger (hasn't noticed you)
The magic dart hits the centaur.
The centaur is lightly wounded.
The centaur unwields a +0 dagger.
The centaur wields a +0 shortbow.
The centaur shoots an arrow.
The arrow hits you!
Casting: Magic Dart (safe; 1% risk of failure)
Confirm with . or Enter, or press ? or * to list all spells.
Aiming: Magic Dart (safe; 1% risk of failure)
Press: ? - help, Shift-Dir - straight line, f/p - centaur
Aim: a centaur, wielding a +0 shortbow (lightly wounded)
The magic dart hits the centaur.
The centaur is lightly wounded.
The centaur shoots an arrow.
The arrow hits you!
The centaur shoots an arrow.
The arrow hits you!!
You die...

..... #.#
.....##.#
...<..#.#
..c.....#
........#
c.....).# ..
#(############
#.#.............
#....@..รท#.....>
###.##...#......
#...........#.
####..####>.#
####.............
#......#######.##
##......#
##...>...#
#.........#


You could see a centaur.

Vanquished Creatures
  Prince Ribbit (D:5)
  A phantom (D:4)
  A bullfrog (D:3)
  A centaur skeleton (D:4)
  Natasha (twice) (D:2)
  2 orc wizards (D:3)
  2 worker ants
  A hound skeleton (D:4)
  9 adders
  3 oozes
  A worm (D:2)
  A dart slug (D:2)
  3 leopard geckos
  8 orcs
  4 bats
  3 bat zombies (D:2)
  13 giant cockroaches
  5 goblins
  9 hobgoblins
  12 jackals
  2 quokkas
  A ball python (D:1)
  4 frilled lizards
  9 kobolds
  3 rats (D:1)
  A rat zombie (D:2)
102 creatures vanquished.

Notes
Turn   | Place    | Note
-------+----------+-------------------------------------------
     0 | D:1      | Nivan the Draconian Conjurer began the quest for the Orb.
     0 | D:1      | Reached XP level 1. HP: 14/14 MP: 3/3
    85 | D:1      | Reached XP level 2. HP: 19/20 MP: 5/5
   299 | D:1      | Reached XP level 3. HP: 22/26 MP: 0/6
   777 | D:2      | Reached skill level 5 in Conjurations
   990 | D:2      | Reached XP level 4. HP: 24/34 MP: 2/7
   998 | D:2      | Reached skill level 1 in Short Blades
  1228 | D:2      | Found a glowing golden altar of the Shining One.
  1313 | D:2      | Found an ancient bone altar of Kikubaaqudgha.
  1421 | D:2      | Noticed Natasha
  1436 | D:2      | Killed Natasha
  1625 | D:2      | Found a snail-covered altar of Cheibriados.
  1698 | D:2      | Found a faded altar of an unknown god.
  1840 | D:2      | Noticed Natasha
  1848 | D:2      | Killed Natasha
  1848 | D:2      | Reached skill level 1 in Fighting
  1848 | D:2      | Reached XP level 5. HP: 32/40 MP: 3/8
  2470 | D:3      | Found an iron altar of Okawaru.
  2517 | D:3      | Reached XP level 6. HP: 36/47 MP: 0/10
  2582 | D:3      | Found a shimmering blue altar of Sif Muna.
  2593 | D:3      | Learned a level 2 spell: Searing Ray
  3489 | D:4      | Reached skill level 6 in Conjurations
  3489 | D:4      | Your scales start taking on a lurid green colour.
  3489 | D:4      | Reached XP level 7. HP: 40/53 MP: 9/12
  3489 | D:4      | Gained mutation: Your system is resistant to poisons.
                  | (rPois) [Green Draconian growth]
  4273 | D:5      | Entered Level 5 of the Dungeon
  4296 | D:5      | Noticed Prince Ribbit
  4312 | D:5      | Killed Prince Ribbit
  4312 | D:5      | Reached skill level 1 in Long Blades
  4485 | D:5      | Shot with an arrow by a centaur

Levels and vault maps discovered:
D:1:      grunt_arrival_crossed_arrows, layout_rooms, hangedman_decor_points,
          minmay_worlds_worst_comb
D:2:      layout_rooms, kennysheep_slug_shrine, nicolae_tso_carved_into_rock,
          lemuel_zombie_altar_kikubaaqudgha, chequers_ecumenical_altar_lobes,
          uniq_natasha
D:3:      layout_rooms, led_sif_book, okawaru_ov_weapons_minmay
D:4:      layout_loops_corners
D:5:      minmay_recursive_quarters, layout_rooms, first_ration,
          uniq_prince_ribbit1, uniq_menkaure

Skill      XL: |  1  2  3  4  5  6  7 |
---------------+----------------------+-----
Conjurations   | 5 6 |  6.3
Stealth        | 2 |  2.7
Dodging        | 2 3 |  3.2
Short Blades   | 1 |  1.9
Fighting       | 1 |  1.9
Spellcasting   | 3 4 |  4.2
Long Blades    | 1 |  1.1

Action                   |  1- 3 |  4- 6 |  7- 9 || total
-------------------------+-------+-------+-------++-------
Melee: Dagger            |    84 |    72 |       ||   156
       Tailslap          |    10 |    12 |       ||    22
       Falchion          |       |    18 |     5 ||    23
 Cast: Magic Dart        |    61 |   138 |    19 ||   218
       Searing Ray       |       |     5 |     1 ||     6
  Use: Scroll            |       |     5 |     1 ||     6
  Eat: Chunk             |       |    10 |     2 ||    12
Armor: Skin              |    24 |    48 |     4 ||    76
Dodge: Dodged            |    50 |    86 |     4 ||   140
       Rpst.: Falchion   |       |     7 |     2 ||     9
